 Dungeon Crawl Stone Soup version 0.21-a0-404-g291f19a (webtiles) character file.

350 nReaper the Skirmisher (level 6, 0/49 HPs)
             Began as a Demonspawn Abyssal Knight on Oct 27, 2017.
             Was a Believer of Lugonu.
             Succumbed to a worker ant's poison
             ... on level 4 of the Dungeon on Oct 28, 2017.
             The game lasted 00:23:40 (3829 turns).

nReaper the Skirmisher (Demonspawn Abyssal Knight)  Turns: 3829, Time: 00:23:41

Health: 0/49       AC: 11    Str: 14    XL:     6   Next: 34%
Magic:  8/8        EV: 12    Int: 13    God:    Lugonu [**....]
Gold:   99         SH:  0    Dex: 13    Spells: 5/5 levels left

rFire    . . .     SeeInvis .   g - -2 war axe (curse)
rCold    . . .     Gourm    .   (no shield)
rNeg     . . .     Faith    .   v - +2 robe {MR+}
rPois    .         Spirit   +   (no helmet)
rElec    .         Reflect  .   (no cloak)
rCorr    .         Harm     .   k - +1 pair of gloves
MR       +....                  (no boots)
Stlth    +.........             (no amulet)
HPRegen  0.16/turn              r - +3 ring of protection
MPRegen  0.11/turn              (no ring)

@: lethally poisoned (0 -> -8), berserk cooldown, hasted and slowed
A: talons 2, thin metallic scales 1, magic shield, rot immunity
a: Depart the Abyss, Bend Space, Renounce Religion


You were on level 4 of the Dungeon.
You worshipped Lugonu.
Lugonu was pleased with you.
You were not hungry.

You visited 1 branch of the dungeon, and saw 5 of its levels.
You visited the Abyss 1 time.

You collected 99 gold pieces.

Inventory:

Hand Weapons
 a - a +1 falchion
 g - a cursed -2 war axe (weapon)
 z - a +0 great mace
Missiles
 l - 81 stones (quivered)
 q - 38 arrows
Armour
 h - a +0 ring mail
 j - a +0 scale mail
 k - a +1 pair of gloves (worn)
 t - a +0 robe
 v - a +2 robe of magic resistance (worn)
Jewellery
 r - a +3 ring of protection (left hand)
Wands
 y - a wand of paralysis (21/24)
Scrolls
 e - 4 scrolls of identify
 f - 2 scrolls of magic mapping
 m - a scroll of teleportation {unknown}
 n - a scroll of fog {unknown}
 o - a scroll of recharging {unknown}
 s - a scroll of remove curse
 u - a scroll of enchant armour {unknown}
 B - a scroll of random uselessness {unknown}
Potions
 b - a potion of flight {unknown}
 d - a potion of heal wounds {unknown}
 A - a potion of ambrosia {unknown}
Comestibles
 c - 3 bread rations
 w - 3 fruits
 x - 2 royal jellies
 C - 4 chunks of flesh


   Skills:
 + Level 4.4 Fighting
 + Level 3.7 Long Blades
 + Level 1.0 Axes
 + Level 3.1 Armour
 + Level 2.2 Dodging
 + Level 0.3 Stealth
 + Level 2.6 Invocations


You had 5 spell levels left.
You didn't know any spells.

Dungeon Overview and Level Annotations

Branches:
Dungeon (5/15)
 Temple: D:4-7

Altars:
Ashenzari
Makhleb
Qazlal
Xom


Innate Abilities, Weirdness & Mutations

You have razor-sharp toenails.
You are partially covered in thin metallic scales. (AC +2)
When hurt, damage is shared between your health and your magic reserves.
You are immune to rotting.


Message History

You feel sick.
You feel your anger nearly subside.
* * * LOW HITPOINT WARNING * * *
You feel sick.
You are no longer berserk.
You pass out from exhaustion.
You feel yourself slow down.
* * * LOW HITPOINT WARNING * * *
You feel sick.
* * * LOW HITPOINT WARNING * * *
You feel sick.
* * * LOW HITPOINT WARNING * * *
You feel sick.
You can move again.
* * * LOW HITPOINT WARNING * * *
You feel sick.
It was a potion of haste.
You feel yourself speed up.
* * * LOW HITPOINT WARNING * * *
You feel sick.
You die...

#.# #.#
###.##
#....#
#.#.##
#.###
#.# #.#
#@# #.#
#.# #.#
#.# #.#
#†....#
.
.####.#
##....
#.


There were no monsters in sight!

Vanquished Creatures
  A sky beast (D:3)
  An orc priest (D:4)
  2 orc wizards (D:4)
  Jessica (D:3)
  A worker ant (D:4)
  A hound skeleton (D:4)
  5 adders
  An ooze (D:3)
  A worm (D:2)
  A dart slug (D:1)
  4 leopard geckos (D:3)
  6 orcs (D:4)
  5 bats
  A giant cockroach (D:3)
  5 goblins
  A hobgoblin (D:1)
  3 jackals (D:4)
  5 kobolds
  2 quokkas (D:3)
  3 ball pythons
  A ball python skeleton (D:4)
  A frilled lizard (D:3)
  7 rats
59 creatures vanquished.

Notes
Turn   | Place    | Note
-------+----------+-------------------------------------------
     0 | Abyss:1  | nReaper the Demonspawn Abyssal Knight began the quest for the Orb.
     0 | Abyss:1  | Reached XP level 1. HP: 18/18 MP: 2/2
     2 | D:1      | Escaped the Abyss
    74 | D:1      | Reached * piety under Lugonu
   211 | D:1      | Gained mutation: You are immune to rotting. [demonic ancestry]
   211 | D:1      | Reached XP level 2. HP: 24/24 MP: 3/3
   364 | D:3      | Noticed Jessica
   370 | D:3      | Killed Jessica
   370 | D:3      | Reached skill level 1 in Dodging
   370 | D:3      | Gained mutation: You have sharp toenails. [demonic ancestry]
   370 | D:3      | Reached XP level 3. HP: 28/30 MP: 4/4
   972 | D:2      | Found a shimmering altar of Xom.
  1194 | D:2      | Found a stormy altar of Qazlal.
  1529 | D:3      | Gained mutation: When hurt, damage is shared between your health and your magic reserves. [demonic ancestry]
  1529 | D:3      | Reached XP level 4. HP: 28/37 MP: 6/6
  1671 | D:3      | Reached skill level 4 in Fighting
  2119 | D:3      | Found a shattered altar of Ashenzari.
  2197 | D:3      | Noticed a sky beast
  2219 | D:3      | Killed a sky beast
  2219 | D:3      | Gained mutation: You are partially covered in thin metallic scales. (AC +2) [demonic ancestry]
  2219 | D:3      | Reached XP level 5. HP: 6/42 MP: 1/7
  2605 | D:3      | Reached ** piety under Lugonu
  2870 | D:3      | Found a burning altar of Makhleb.
  3251 | D:5      | Entered Level 5 of the Dungeon
  3251 | D:5      | Noticed a centaur
  3517 | D:4      | Gained mutation: You have razor-sharp toenails. [demonic ancestry]
  3517 | D:4      | Reached XP level 6. HP: 29/49 MP: 5/8
  3815 | D:4      | Reached skill level 1 in Axes
  3827 | D:4      | HP: 2/49 [poisoned by a worker ant]
  3829 | D:4      | Succumbed to a worker ant's poison

Vault maps used:
D:1:      dpeg_arrival_long_road
D:2:      nicolae_qazlal_eye_of_the_storm, nicolae_overflow_crystal_walls
D:3:      lemuel_coloured_pillars_altar, roderic_lattice_a,
          minmay_stone_trees_small, st_stairs_4, evilmike_ruin_ashenzari,
          uniq_jessica
D:5:      marbit_many_paths, old_standard_altar, first_bread,
          uniq_prince_ribbit1

Skill      XL: |  1  2  3  4  5  6 |
---------------+-------------------+-----
Armour         | 2 3 |  3.1
Long Blades    | 2 3 |  3.7
Dodging        | 1 2 |  2.2
Fighting       | 4 |  4.4
Axes           | 1 |  1.0
Stealth        | |  0.3
Invocations    | |  2.6

Action                   |  1- 3 |  4- 6 || total
-------------------------+-------+-------++-------
Melee: Falchion          |    73 |    61 ||   134
       Kick              |     9 |    39 ||    48
       War axe           |       |    67 ||    67
Invok: Depart the Abyss  |     1 |       ||     1
  Use: Scroll            |       |     3 ||     3
       Potion            |       |     2 ||     2
  Eat: Chunk             |     1 |     6 ||     7
       Royal jelly       |       |     1 ||     1
       Fruit             |       |     1 ||     1
Armor: Leather armour    |     4 |       ||     4
       Ring mail         |    12 |    28 ||    40
       Robe              |     7 |    18 ||    25
       Scale mail        |       |    38 ||    38
Dodge: Dodged            |    45 |    97 ||   142
       Rpst.: Falchion   |    12 |    19 ||    31

Table legend:
 A = Spawn XP
 B = Non-spawn XP
 C = Spawn XP percentage of total XP
 D = Spawn monster count
 E = Non-spawn monster count
 F = Spawn count percentage of total count
 G = Total turns spent on level
                    A         B        C        D         E        F      G
               +---------+---------+-------+---------+---------+-------+---------
         Total |       0 |     501 |   0.0 |       0 |      59 |   0.0 |  3829
               +---------+---------+-------+---------+---------+-------+---------
           D:1 |       0 |      15 |   0.0 |       0 |       7 |   0.0 |   271
           D:2 |       0 |      25 |   0.0 |       0 |       9 |   0.0 |   988
           D:3 |       0 |     245 |   0.0 |       0 |      27 |   0.0 |  1896
           D:4 |       0 |     216 |   0.0 |       0 |      16 |   0.0 |   670
               +---------+---------+-------+---------+---------+-------+---------
